 Dungeon Crawl Stone Soup version 0.25.1-2-g60ff931df9 (webtiles) character file.

Game seed: 18317788462189726768

14802 Gunterle the Grappler (level 11, -10/109 HPs)
             Began as a Troll Abyssal Knight on Sept 28, 2020.
             Was a High Priest of Lugonu.
             Hit by a javelin thrown by Urug (24 damage)
             ... on level 11 of the Dungeon.
             The game lasted 00:39:44 (10761 turns).

Gunterle the Grappler (Troll Abyssal Knight)       Turns: 10761, Time: 00:39:44

Health: -10/109    AC:  9    Str: 27    XL:     11   Next: 93%
Magic:  8/15       EV: 12    Int: 10    God:    Lugonu [*****.]
Gold:   594        SH:  5    Dex: 10    Spells: 8/10 levels left

rFire    . . .     SeeInvis +     - Unarmed
rCold    . . .     Gourm    +   (no shield)
rNeg     . . .     Faith    .   G - +2 robe {MR+}
rPois    .         Spirit   .   (helmet restricted)
rElec    .         Reflect  +   f - +0 cloak
rCorr    .         Harm     .   (gloves unavailable)
MR       ++...                  (boots unavailable)
Stlth    +.........             x - amulet of Daffodils {Reflect Str+5 SH+5}
HPRegen  0.68/turn              t - ring of protection from magic
MPRegen  0.14/turn              h - ring of see invisible

@: no status effects
A: large, unfitting armour, claws 3, fast metabolism 3, gourmand, regeneration
1, shaggy fur 1, tough skin 3
a: Depart the Abyss, Bend Space, Banish, Corrupt, Enter the Abyss, Renounce
Religion


You were on level 11 of the Dungeon.
You worshipped Lugonu.
Lugonu was extremely pleased with you.
You were very full.

You visited 2 branches of the dungeon, and saw 13 of its levels.
You visited the Abyss 1 time.
You also visited: Sewer.

You collected 840 gold pieces.
You spent 246 gold pieces at shops.

Inventory:

Hand Weapons
 A - a +7 quick blade of distortion
Missiles
 g - 17 boomerangs (quivered)
 p - 3 silver boomerangs
 B - 4 large rocks
 I - a throwing net
 M - 3 atropa-tipped darts
 O - 18 poisoned darts
Armour
 f - a +0 cloak (worn)
 s - a +2 robe of positive energy
 G - a +2 robe of magic resistance (worn)
Jewellery
 e - an uncursed ring of fire
 h - a ring of see invisible (right claw)
 m - an uncursed ring of resist corrosion
 t - a ring of protection from magic (left claw)
 x - the amulet of Daffodils (around neck) {Reflect Str+5 SH+5}
   (You found it on level 5 of the Dungeon)

   [amulet of reflection]

   It shields you and reflects attacks.
   It affects your strength (+5).
   It affects your SH (+5).
 y - an uncursed ring of protection from fire
Wands
 v - a wand of polymorph (26)
 w - a wand of flame (10)
 E - a wand of iceblast (3)
 N - a wand of digging (3)
Scrolls
 c - 7 scrolls of teleportation
 k - 7 scrolls of remove curse
 D - 2 scrolls of fear
 F - a scroll of silence
 J - a scroll of summoning
 K - 3 scrolls of identify
Potions
 a - 9 potions of flight
 d - 2 potions of heal wounds
 i - 6 potions of curing
 l - 2 potions of might
 n - a potion of haste {unknown}
 o - 3 potions of lignification
 q - a potion of resistance
 r - a potion of mutation {unknown}
 u - a potion of ambrosia
 z - 2 potions of stabbing
Comestibles
 b - 20 rations
 j - 17 chunks of flesh


   Skills:
 + Level 7.2 Fighting
 + Level 0.2 Short Blades
 + Level 7.2 Throwing
 + Level 6.9 Dodging
 * Level 11.4 Unarmed Combat
 + Level 7.5 Invocations


You had 8 spell levels left.
You knew the following spells:

 Your Spells              Type           Power        Failure   Level  Hunger
a - Passwall              Tmut/Erth      #.......     50%         2    ###....

Your spell library contained the following spells:

 Spells                   Type           Power        Failure   Level  Hunger
 Magic Dart               Conj           #...         36%         1    ##.....
 Blink                    Tloc           N/A          50%         2    ###....
 Call Imp                 Summ           #.......     50%         2    ###....
 Corpse Rot               Necr/Air       N/A          50%         2    ###....
 Slow                     Hex            #.......     50%         2    ###....
 Swiftness                Chrm/Air       #.......     50%         2    ###....
 Confusing Touch          Hex            #.......     75%         3    ####...
 Conjure Flame            Conj/Fire      #.......     75%         3    ####...
 Gell's Gravitas          Tloc           #.........   75%         3    ####...
 Mephitic Cloud           Conj/Pois/Air  #.......     75%         3    ####...
 Ozocubu's Armour         Chrm/Ice       #.......     75%         3    ####...
 Ice Form                 Ice/Tmut       #.......     98%         4    #####..
 Leda's Liquefaction      Hex/Erth       #.........   98%         4    #####..
 Passage of Golubria      Tloc           N/A          98%         4    #####..
 Petrify                  Tmut/Erth      #.......     98%         4    #####..
 Summon Ice Beast         Ice/Summ       #.......     98%         4    #####..
 Summon Lightning Spire   Summ/Air       #.......     98%         4    #####..
 Alistair's Intoxication  Tmut/Pois      #.......     100%        5    ######.
 Lee's Rapid Deconstruct  Erth           #.........   100%        5    ######.
 Metabolic Englaciation   Hex/Ice        #.........   100%        5    ######.
 Yara's Violent Unravell  Hex/Tmut       #.........   100%        5    ######.
 Darkness                 Hex            #.........   100%        6    #######
 Freezing Cloud           Conj/Ice/Air   #.........   100%        6    #######
 Invisibility             Hex            #.......     100%        6    #######
 Iron Shot                Conj/Erth      #.........   100%        6    #######
 Simulacrum               Ice/Necr       #.........   100%        6    #######


Dungeon Overview and Level Annotations

Branches:
Dungeon (12/15)            Temple (1/1) D:6            Lair (0/6) D:10
  Sewer (visited)
    Orc: D:9-12

Altars:
Elyvilon
Fedhas
Gozag
Hepliaklqana
Kikubaaqudgha
Nemelex Xobeh
Qazlal
Ru
Sif Muna
Trog
Uskayaw

Shops:
D:4 (   D:5 [   D:8 ?

Annotations:
D:6 2 runed translucent doors, DerDa's ghost, amateur FoVM
D:11 corrupted, Urug


Innate Abilities, Weirdness & Mutations

You are too large for most types of armour.
You have claws for hands.
Your metabolism is lightning-fast.
You like to eat raw meat.
Your natural rate of healing is unusually fast.
You are covered in fur. (AC +1)
You have extremely tough skin. (AC +3)


Message History

The deep elf knight gestures at you while chanting.
The lance of force misses you.
Unknown command.
You barely miss the deep elf knight.
The deep elf knight is almost dead.
The deep elf knight completely misses you.
The orc knight closely misses you.
The orc knight no longer looks unusually strong.
The deep elf knight gestures at you while chanting.
The lance of force hits you!!
You are knocked back by the lance of force.
You slam into the rock wall!
* * * LOW HITPOINT WARNING * * *
Lugonu's Hand of Corruption reaches out!
The deep elf knight hits the smoke demon with a +0 long sword of protection.
The orc knight hits the raiju with a +0 long sword!
Urug throws a javelin.
The javelin pierces through the smoke demon!
The javelin pierces through you!!
You die...

## #.# ### #3x#5...
#####Xho#X2##########
.#4.X@3e.5.Y........#.
#.5.x.1toxG.########.#.
###X.x.#xD### #...
#X#.###uX.# #..# # ##
##.5W# ##.. ###...3#
##. #.....x# ...
#.#.)...# .##.
#.##.###.# ...


You could see an orc knight, Urug, a deep elf knight (fast), a neutral bone
dragon (summoned), a neutral hellephant (summoned), 2 neutral starcursed masses,
a neutral cyan very ugly thing (summoned), a neutral tentacled starspawn
(summoned), a neutral Executioner (summoned), a neutral blizzard demon
(summoned), a neutral fire crab (summoned), a neutral orange demon (summoned), a
neutral thrashing horror (summoned), 2 neutral large abominations, 2 neutral
worldbinders, a neutral eye of draining (summoned), 2 neutral sixfirhies, a
neutral smoke demon (summoned), a neutral unseen horror (summoned, invisible), a
neutral hungry ghost (summoned), a neutral raiju (summoned), 3 neutral small
abominations, a neutral iron imp (summoned), a neutral white imp (summoned) and
2 neutral ufetubi.

Vanquished Creatures
  Harold (D:8)
  2 two-headed ogres (D:10)
  Pikel (D:6)
  An orc knight (D:11)
  A manticore (D:10)
  Joseph (D:8)
  A centaur zombie (D:11)
  Psyche (D:8)
  A hornet (D:10)
  A hippogriff (D:7)
  Sigmund (D:2)
  2 shadows
  17 yaks
  2 wraiths
  2 wyverns
  A human (D:7)
  3 hogs (D:7)
  Menkaure (D:5)
  Edmund (D:4)
  3 water moccasins
  3 ice beasts
  An orc warrior (D:11)
  An eye of draining (D:8)
  2 sky beasts
  A slave (D:5)
  2 black bears
  2 phantoms
  3 ogres
  4 centaurs
  2 big kobolds
  4 bullfrogs
  A gnoll sergeant (D:5)
  A water moccasin skeleton (D:7)
  A scorpion (D:7)
  19 killer bees
  7 wights
  2 howler monkeys
  4 crimson imps
  3 jellies
  2 bullfrog zombies (D:8)
  6 orc priests
  10 hounds
  2 iguanas
  A bullfrog skeleton (D:4)
  2 centaur skeletons
  14 orc wizards
  Terence (D:3)
  Natasha (thrice) (D:2)
  A merfolk siren (Sewer)
  9 worker ants
  A merfolk avatar (Sewer)
  A killer bee zombie (D:9)
  2 hound zombies
  A howler monkey zombie (D:6)
  A worker ant zombie (D:7)
  4 gnolls (D:5)
  14 adders
  3 river rats (Sewer)
  3 shadow imps
  An adder skeleton (D:8)
  An adder zombie (D:8)
  5 worms
  5 dart slugs
  9 leopard geckos
  45 orcs
  4 ball pythons (Sewer)
  8 giant cockroaches
  11 goblins
  8 hobgoblins
  19 jackals
  6 quokkas
  10 bats
  10 frilled lizards
  A jackal skeleton (D:4)
  15 kobolds
  A quokka zombie (D:8)
  30 rats
377 creatures vanquished.

Vanquished Creatures (others)
  A plant (D:7)
1 creature vanquished.

Grand Total: 378 creatures vanquished

Notes
Turn   | Place    | Note
-------+----------+-------------------------------------------
     0 | Abyss:1  | Gunterle the Troll Abyssal Knight began the quest for the
                  | Orb.
     0 | Abyss:1  | Reached XP level 1. HP: 22/22 MP: 1/1
    46 | Abyss:1  | Noticed a worldbinder
    53 | Abyss:1  | Noticed a vampire mosquito
    53 | D:1      | Escaped the Abyss
   191 | D:1      | Reached XP level 2. HP: 29/29 MP: 2/2
   309 | D:1      | Reached * piety under Lugonu
   534 | D:2      | Noticed Natasha
   540 | D:2      | Killed Natasha
   540 | D:2      | Reached skill level 1 in Throwing
   540 | D:2      | Reached XP level 3. HP: 23/36 MP: 3/3
   587 | D:2      | Noticed Natasha
   595 | D:2      | Killed Natasha
   595 | D:2      | Reached skill level 3 in Unarmed Combat
   595 | D:2      | Reached XP level 4. HP: 27/44 MP: 4/4
   683 | D:2      | Noticed Sigmund
   698 | D:2      | Killed Sigmund
   698 | D:2      | Reached XP level 5. HP: 46/53 MP: 5/5
   781 | D:2      | Reached skill level 4 in Unarmed Combat
  1045 | D:2      | Reached XP level 6. HP: 61/61 MP: 6/6
  1154 | D:2      | Noticed Natasha
  1160 | D:2      | Killed Natasha
  1222 | D:2      | Noticed a moth of wrath
  1225 | D:2      | Found a bloodstained altar of Trog.
  1232 | D:2      | Reached ** piety under Lugonu
  1473 | D:3      | Noticed Terence
  1480 | D:3      | Killed Terence
  1644 | D:3      | Found a glowing drain.
  1652 | Sewer    | Entered a sewer
  1777 | Sewer    | Reached *** piety under Lugonu
  2140 | D:3      | Reached XP level 7. HP: 66/67 MP: 8/8
  2268 | D:3      | Found a white marble altar of Elyvilon.
  2330 | D:3      | Found a hide-covered altar of Uskayaw.
  2569 | D:3      | Found an ancient bone altar of Kikubaaqudgha.
  2618 | D:3      | Reached **** piety under Lugonu
  2793 | D:4      | Found Qurghoxuim's Antique Weapon Shop.
  2880 | D:4      | Reached skill level 5 in Unarmed Combat
  3198 | D:4      | Found a sacrificial altar of Ru.
  3357 | D:4      | Noticed Edmund
  3373 | D:4      | Killed Edmund
  3493 | D:4      | Reached XP level 8. HP: 54/78 MP: 9/9
  3641 | D:5      | Entered Level 5 of the Dungeon
  3796 | D:5      | Reached skill level 6 in Unarmed Combat
  4244 | D:5      | Found Zirextuo's Antique Armour Shop.
  4309 | D:5      | Noticed Menkaure
  4317 | D:5      | Killed Menkaure
  4381 | D:5      | Got a flickering crystal amulet
  4542 | D:5      | Identified the amulet of Daffodils {Reflect Str+5 SH+5}
                  | (You found it on level 5 of the Dungeon)
  4662 | D:6      | Found a staircase to the Ecumenical Temple.
  4674 | Temple   | Entered the Ecumenical Temple
  4681 | Temple   | Reached skill level 7 in Unarmed Combat
  4722 | D:6      | Noticed Pikel
  4737 | D:6      | Killed Pikel
  4737 | D:6      | Reached XP level 9. HP: 85/87 MP: 11/11
  4952 | D:6      | Found a runed translucent door.
  4952 | D:6      | Noticed DerDa's ghost (amateur FoVM)
  4968 | D:6      | Found a runed translucent door.
  5087 | D:7      | Reached ***** piety under Lugonu
  5111 | D:7      | Reached skill level 5 in Fighting
  5190 | D:7      | Reached skill level 5 in Invocations
  5245 | D:7      | Reached skill level 8 in Unarmed Combat
  5718 | D:7      | Reached skill level 5 in Dodging
  5726 | D:7      | Reached skill level 5 in Throwing
  5882 | D:7      | Reached XP level 10. HP: 96/96 MP: 13/13
  6152 | D:7      | Identified the Tome of Air and Cold
  6152 | D:7      | Identified the Grimoire of Toxic Clay
  6152 | D:7      | Identified the Collected Works on the Flying Glacier
  6157 | D:7      | Learned a level 2 spell: Passwall
  6432 | D:8      | Reached skill level 9 in Unarmed Combat
  6912 | D:8      | Found an opulent altar of Gozag.
  6912 | D:8      | Found a shimmering blue altar of Sif Muna.
  6934 | D:8      | Found Wucin's Magic Scroll Shoppe.
  6945 | D:8      | Bought a scroll of holy word for 97 gold pieces
  6945 | D:8      | Bought a scroll of silence for 97 gold pieces
  6945 | D:8      | Bought a scroll of identify for 26 gold pieces
  6945 | D:8      | Bought a scroll of identify for 26 gold pieces
  7035 | D:8      | Noticed Joseph
  7060 | D:8      | Killed Joseph
  7285 | D:8      | Noticed Psyche
  7294 | D:8      | Killed Psyche
  7340 | D:8      | Noticed Harold
  7381 | D:8      | Killed Harold
  7730 | D:9      | Reached skill level 10 in Unarmed Combat
  8183 | D:10     | Entered Level 10 of the Dungeon
  8202 | D:10     | Noticed a manticore
  8246 | D:9      | Reached XP level 11. HP: 74/106 MP: 12/14
  8817 | D:10     | Found a staircase to the Lair.
  9162 | D:10     | Reached ****** piety under Lugonu
  9383 | D:10     | Noticed a two-headed ogre
  9392 | D:10     | Killed a two-headed ogre
  9603 | D:10     | Noticed a two-headed ogre
  9615 | D:10     | Killed a two-headed ogre
  9905 | D:11     | Reached skill level 11 in Unarmed Combat
 10644 | D:11     | Identified a +7 quick blade of distortion (a +5 quick blade
                  | corrupted by Lugonu)
 10644 | D:11     | Received a gift from Lugonu
 10730 | D:11     | Noticed an orc knight
 10730 | D:11     | Noticed Urug
 10735 | D:11     | Noticed an orc knight
 10737 | D:11     | Noticed a deep elf knight
 10746 | D:11     | Killed an orc knight
 10761 | D:11     | Corrupted D:11
 10761 | D:11     | Noticed a fire crab
 10761 | D:11     | a shapeshifter changed into a fire crab
 10761 | D:11     | Noticed a starcursed mass
 10761 | D:11     | Noticed a bone dragon
 10761 | D:11     | Noticed a sixfirhy
 10761 | D:11     | Noticed an Executioner
 10761 | D:11     | Noticed a cyan very ugly thing
 10761 | D:11     | Noticed a tentacled starspawn
 10761 | D:11     | Noticed a blizzard demon
 10761 | D:11     | Noticed a thrashing horror
 10761 | D:11     | Noticed an unseen horror
 10761 | D:11     | Noticed a large abomination
 10761 | D:11     | Noticed a sixfirhy
 10761 | D:11     | Noticed a starcursed mass
 10761 | D:11     | Noticed a hellephant
 10761 | D:11     | Hit by a javelin thrown by Urug

Illustrated notes

Levels and vault maps discovered:
D:1:      minmay_arrival_five_plusses, layout_basic, minmay_tetromino_i4
D:2:      layout_basic, tgw_trog, uniq_sigmund, uniq_natasha
D:3:      layout_basic, nicolae_overflow_hidden_temple, lemuel_doored_altar,
          old_standard_altar, gup_sewer_entry_bowl, serial_bayou_pond_e,
          minmay_fractal_squares_gapless_5, uniq_terence
D:4:      layout_basic, serial_shops, shop, nicolae_ru_great_annihilating_truth,
          uniq_edmund
D:5:      layout_loops_cross, serial_shops, shop, first_ration, uniq_menkaure
D:6:      layout_cave_pools, minmay_temple_entry_arrows, ebering_ghost_sewer_f,
          moated_statue, uniq_pikel
D:7:      layout_loops_ring, grunt_livestock, minmay_the_grid_2x2
          [minmay_the_grid_garden, minmay_the_grid_minigrid_medium,
          minmay_the_grid_x, minmay_the_grid_prize_shrinking_boxes]
D:8:      layout_basic, chequers_temple_overflow_statue_of_worship,
          serial_shops, nicolae_shop_trees, uniq_joseph, uniq_psyche,
          uniq_harold
D:9:      layout_long_grid
D:10:     layout_cave_pods, lair_entry_dummy
D:11:     minmay_inside_and_out, layout_loops_ring, chequers_decorated_corner,
          sword_in_stone
D:12:     layout_basic, disabler_island
Temple:   eino_temple_rhombus

Skill      XL: |  1  2  3  4  5  6  7  8  9 10 11 |
---------------+----------------------------------+-----
Dodging        | 2 3 4 5 6 |  6.9
Throwing       | 1 2 3 4 5 6 7 |  7.2
Invocations    | 2 3 4 5 6 7 |  7.5
Unarmed Combat | 3 4 5 7 8 10 11 | 11.4
Fighting       | 3 4 5 6 7 |  7.2
Short Blades   | |  0.2

Action                   |  1- 3 |  4- 6 |  7- 9 | 10-12 || total
-------------------------+-------+-------+-------+-------++-------
Melee: Unarmed           |    57 |   164 |   396 |   488 ||  1105
       Punch             |     1 |     2 |     6 |    22 ||    31
Throw: Stone             |     3 |     7 |       |       ||    10
       Dart              |       |    11 |     8 |    24 ||    43
       Boomerang         |       |       |     1 |    36 ||    37
       Throwing net      |       |       |       |     2 ||     2
Invok: Depart the Abyss  |     1 |       |       |       ||     1
       Bend Space        |       |       |       |     2 ||     2
       Corrupt           |       |       |       |     1 ||     1
       Brand Weapon With |       |       |       |     1 ||     1
Evoke: Wand              |       |       |       |     2 ||     2
       Phantom mirror    |       |       |       |     1 ||     1
  Use: Potion            |       |     1 |       |       ||     1
       Scroll            |       |    11 |     5 |     8 ||    24
 Stab: Paralysed         |       |       |     1 |       ||     1
       Distracted        |       |       |       |     1 ||     1
  Eat: Chunk             |    10 |    16 |    34 |    45 ||   105
Armor: Robe              |    25 |    55 |   106 |   112 ||   298
Dodge: Dodged            |    40 |    77 |   173 |   253 ||   543
Block: Other             |       |       |    16 |   108 ||   124
       Reflection        |       |       |       |     2 ||     2
